 Dungeon Crawl Stone Soup version 0.31-a0-978-g1e143483b6 (webtiles) character file.

Game seed: 10329122599450067919

128 Kuronicle the Ruffian (level 4, -2/33 HPs)
             Began as a Demonspawn Shapeshifter on Oct 30, 2023.
             Slain by an orc priest
             ... wielding a +0 flail
              (6 damage)
             ... on level 3 of the Dungeon.
             The game lasted 00:05:48 (3899 turns).

Kuronicle the Ruffian (Demonspawn Shapeshifter)     Turns: 3899, Time: 00:05:49

Health: -2/33      AC: 16    Str: 15    XL:     4   Next: 87%
Magic:  4/4        EV: 10    Int: 11    God:
Gold:   152        SH:  0    Dex: 14    Spells: 3/3 levels left

rFire   . .          .
                       - Unarmed
rCold   . . .        (no shield)
rNeg    . . .        q - +0 scale mail
rPois   .            (helmet currently unavailable)
rElec   .            (cloak currently unavailable)
rCorr   .            (gloves currently unavailable)
SInv    .            (boots currently unavailable)
Will    .....        h - amulet of faith Stlth
                     u - +4 ring of protection
HPRegen 0.25/turn    (no ring)
MPRegen 0.09/turn

%: faith
@: beast-form, sanguine armoured
A: beast (slay +1), horns 1, foul stench 1, sanguine armour 1
a: Begin Untransformation


You were on level 3 of the Dungeon.
You were a hulking beast.
You visited 1 branch of the dungeon, and saw 3 of its levels.

You collected 152 gold pieces.

Inventory:

Hand Weapons
 x - a +3 short sword
Armour
 q - a +0 scale mail (worn)
 v - a +0 pair of gloves
Magical Staves
 r - a staff of death
Jewellery
 h - an amulet of faith (around neck)
 o - a ring of ice
 u - a +4 ring of protection (left hand)
Talismans
 c - a beast talisman (active)
 d - a flux talisman
Scrolls
 k - a scroll of torment {unknown}
 n - 3 scrolls of teleportation {unknown}
Potions
 a - a potion of might {unknown}
 b - 2 potions of lignification
 f - 2 potions of curing
 g - a potion of mutation {unknown}
 i - a potion of degeneration {unknown}
 j - 2 potions of enlightenment {unknown}
 m - a potion of brilliance {unknown}
 p - a potion of heal wounds {unknown}
 s - a potion of attraction {unknown}
 t - a potion of haste {unknown}
 w - a potion of berserk rage {unknown}


   Skills:
 * Level 1.7 Fighting
 * Level 2.1 Armour
 + Level 2.0 Dodging
 + Level 3.4 Unarmed Combat
 * Level 3.4 Shapeshifting


You had 3 spell levels left.
You didn't know any spells.
Your spell library was empty.

Dungeon Overview and Level Annotations

Branches:
Dungeon (3/15)

Altars:
Sif Muna

Shops:
D:2 (


Innate Abilities, Weirdness & Mutations

You are a hulking beast.
Your limbs bulge with bestial killing power. (Slay +1)
You have a pair of small horns on your head.
You may rarely emit foul miasma when damaged in melee.
When seriously injured, your blood forms armour. (AC +6)


Message History

An orc comes into view. It is wielding a +0 hand axe.
The orc shouts!
Found a flail.
The orc priest hits you with a +0 flail.
You hit the orc priest but do no damage.
The orc priest miscasts a cantrip.
You hit the orc priest.
You punch the orc priest, but do no damage.
The orc priest is moderately wounded.
The orc hits you with a +0 whip.
You barely miss the orc. You headbutt the orc!
You kill the orc!
The orc priest casts a cantrip, but nothing happens.
The frilled lizard bites you but does no damage.
You closely miss the orc. You headbutt the orc!
You kill the orc!
The frilled lizard bites you but does no damage.
You closely miss the orc priest.
The orc priest is moderately wounded.
The orc priest barely misses you.
The frilled lizard bites you but does no damage.
You hit the orc priest.
The orc priest is heavily wounded.
The orc priest hits you with a +0 flail.
The frilled lizard completely misses you.
You hit the orc priest but do no damage.
The orc priest is heavily wounded.
The orc priest invokes the aid of Beogh against you.
Beogh smites you!
Your blood congeals into armour.
The frilled lizard misses you.
You are too injured to fight recklessly!
You hit the orc priest but do no damage.
The orc priest is heavily wounded.
The orc priest calls down the wrath of Beogh upon you.
Beogh smites you!
* * * LOW HITPOINT WARNING * * *
The frilled lizard bites you but does no damage.
The orc priest attacks as it pursues you!
The orc priest hits you with a +0 flail.
You die...

..#............####
..#########.......#
..#...###......##.#
...............# .######
.##.....###....##......#
..#......##.....#.......
......##.>..............
........................
.##...######.###h.......
###...# #..##ol...... #
#...# ##..#))...!..
#...# ####.$...... #####
#........ #........
#........ #........
##.....).


You could see an orc priest and a frilled lizard.

Vanquished Creatures
  3 gnolls (D:3)
  3 adders
  2 worms (D:2)
  2 orcs (D:3)
  6 endoplasms
  5 giant cockroaches
  7 goblins
  6 hobgoblins
  4 jackals (D:2)
  5 kobolds
  2 quokkas
  4 ball pythons
  3 frilled lizards (D:1)
  9 rats
61 creatures vanquished.

Notes
Turn   | Place    | Note
-------+----------+-------------------------------------------
     0 | D:1      | Kuronicle the Demonspawn Shapeshifter began the quest for
                  | the Orb.
     0 | D:1      | Reached XP level 1. HP: 15/15 MP: 1/1
   273 | D:1      | Gained mutation: When seriously injured, your blood forms
                  | armour. (AC +6) [demonic ancestry]
   273 | D:1      | Reached XP level 2. HP: 16/18 MP: 2/2
  2475 | D:1      | Reached skill level 1 in Armour
  2727 | D:2      | Gained mutation: You may rarely emit foul miasma when
                  | damaged in melee. [demonic ancestry]
  2727 | D:2      | Reached XP level 3. HP: 24/25 MP: 3/3
  2851 | D:2      | Found a shimmering blue altar of Sif Muna.
  2966 | D:2      | Found Lasuint's Antique Weapon Boutique.
  3292 | D:2      | Gained mutation: You have a pair of small horns on your
                  | head. [demonic ancestry]
  3292 | D:2      | Reached XP level 4. HP: 24/32 MP: 4/4
  3899 | D:3      | Slain by an orc priest

Illustrated notes

Levels and vault maps discovered:
D:1:      lemuel_arrival_room, layout_loops_ring
D:2:      layout_rooms, serial_shops, shop, basic_altar
D:3:      layout_rooms, serial_curves, eino_curves_01, eino_curves_01,
          uniq_jessica

Skill      XL: |  1  2  3  4 |
---------------+-------------+-----
Shapeshifting  | 3 |  3.4
Armour         | 1 2 |  2.1
Unarmed Combat | 3 |  3.4
Dodging        | 2 |  2.0
Fighting       | |  1.7

Action                     |  1- 3 |  4- 6 || total
---------------------------+-------+-------++-------
  Melee: Unarmed           |   170 |    52 ||   222
         Punch             |     2 |     1 ||     3
         Headbutt          |       |     6 ||     6
    Use: Scroll            |     2 |       ||     2
 Armour: Ring mail         |    55 |       ||    55
         Leather armour    |     4 |       ||     4
         Scale mail        |    24 |    32 ||    56
  Dodge: Dodged            |    76 |    21 ||    97
   Form: Beast             |     1 |       ||     1

Table legend: (Time is in decaauts)
 A = Elapsed time spent in this place.
 B = Non-inter-level travel time spent in this place.
 C = Inter-level travel time spent in this place.
 D = Time resting spent in this place.
 E = Time spent auto-exploring this place.
 F = Levels seen in this place.
 G = Mean time per level.
                   A        B        C        D        E       F      G
               +--------+--------+--------+--------+--------+-----+--------+
         Total |   3885 |   3707 |    178 |   1700 |   1536 |   3 | 1295.0 |
       Dungeon |   3885 |   3707 |    178 |   1700 |   1536 |   3 | 1295.0 |
               +--------+--------+--------+--------+--------+-----+--------+

Top non-repeatable levels by time:
     D:1: 2719 daAuts
     D:2: 657 daAuts
     D:3: 508 daAuts
